[Event "*** SCC Grand Prix: Titled Tuesday Blitz"]
[Site "Chess.com"]
[Date "2020.09.08"]
[Round "2"]
[White "DenLaz"]
[Black "SilviusTiberius"]
[Result "1-0"]
[WhiteElo "2742"]
[BlackElo "2494"]
[TimeControl "180+1"]
[EndTime "10:17:51 PDT"]
[Termination "DenLaz won by checkmate"]

1. e4 c5 2. Nf3 Nc6 3. Bb5 g6 4. Bxc6 dxc6 5. d3 Bg7 6. h3 Nf6 7. Nc3 Nd7 8. Be3 e5 9. O-O b6 10. Qd2 h6 11. Nh2 Nf8 12. f4 exf4 13. Bxf4 Ne6 14. Be3 Nd4 15. Nd1 Be6 16. Nf2 Qe7 17.
Nfg4 O-O-O 18. c3 f5 19. Nxh6 fxe4 20. cxd4 cxd4 21. Bg5 Bxh6 22. Bxh6 e3 23. Bxe3 dxe3 24. Qxe3 Qd6 25. Rf6 Rhe8 26. Re1 Kd7 27. Nf3 Qd5 28. Qf4 Bf5 29. Re5 Qxd3 30. Rxe8 Kxe8 31. Qe5+ Kd7 32. Rf7+ Kc8 33. Qc7# 1-0

[Event "*** SCC Grand Prix: Titled Tuesday Blitz"]
[Site "Chess.com"]
[Date "2020.09.08"]
[Round "2"]
[White "Batcu"]
[Black "evgenyermolaev"]
[Result "1-0"]
[WhiteElo "2251"]
[BlackElo "2437"]
[TimeControl "180+1"]
[EndTime "10:17:52 PDT"]
[Termination "Batcu won by resignation"]

1. d4 c5 2. d5 Nf6 3. c4 a6 4. Nc3 b5 5. cxb5 axb5 6. Nxb5 Qa5+ 7. Nc3 Ne4 8. Qc2 Nxc3 9. bxc3 g6 10. e4 Bg7 11. Bb2 O-O 12. Bd3 d6 13. Ne2 Ba6 14.
Bxa6 Rxa6 15. O-O Nd7 16. c4 Qa4 17. Rfc1 Qxc2 18. Rxc2 Ra4 19. Bxg7 Kxg7 20. f4 Rfa8 21. Kf2 Nb6 22. Rb1 Rxc4 23. Rxc4 Nxc4 24. Nc3 Ra3 25.
Rc1 Nb2 26. Rc2 Na4 27. Nb5 Rd3 28. Ke2 c4 29. Rxc4 Nb2 30. Rc2 f5 31. Rxb2 fxe4 32. Rd2 1-0

[Event "*** SCC Grand Prix: Titled Tuesday Blitz"]
[Site "Chess.com"]
[Date "2020.09.08"]
[Round "2"]
[White "willc-h99"]
[Black "Spriteball"]
[Result "0-1"]
[WhiteElo "2436"]
[BlackElo "2246"]
[TimeControl "180+1"]
[EndTime "10:17:52 PDT"]
[Termination "Spriteball won on time"]

1. d4 d5 2. Nf3 Nf6 3. e3 c5 4. Bd3 Nc6 5. O-O e6 6. b3 cxd4 7. exd4 Bd6 8. Bb2 O-O 9. Re1 b6 10. Nbd2 Bb7 11. Ne5 Ne7 12. Qf3 Rc8 13. Qh3 Ng6 14.
Nxg6 hxg6 15. Nf3 Ne4 16. Ne5 Bxe5 17. dxe5 Nc5 18. Bf1 Ne4 19. c4 Nd2 20. Be2 dxc4 21. Rad1 Qg5 22. bxc4 Nxc4 23. Bc1 Qe7 24. Rd4 Nxe5 25.
Rh4 f6 26. Bf1 g5 27. Rh7 Be4 28. Rxe4 Rxc1 29. Rh8+ Kf7 30. Qh5+ Ng6 31. Rxf8+ Qxf8 32. h3 Qc5 33. Ra4 a5 34. Re4 Qd5 35. Re3 Qc4 36.
Re2 Qd5 37. g3 Qd1 0-1

[Event "*** SCC Grand Prix: Titled Tuesday Blitz"]
[Site "Chess.com"]
[Date "2020.09.08"]
[Round "2"]
[White "Alexander_Moskalenko"]
[Black "Sashadav97"]
[Result "1/2-1/2"]
[WhiteElo "2796"]
[BlackElo "2528"]
[TimeControl "180+1"]
[EndTime "10:17:53 PDT"]
[Termination "Game drawn by agreement"]

1. d4 Nf6 2. c4 c5 3. d5 d6 4. Nc3 g6 5. Nf3 Bg7 6. g3 O-O 7. Bg2 Na6 8. O-O Nc7 9. e4 a6 10.
a4 Rb8 11. a5 b5 12. axb6 Rxb6 13. Re1 Bg4 14. h3 Bxf3 15. Qxf3 Nd7 16. Qe2 e6 17. Bf4 exd5 18. cxd5 Ne5 19. Na4 Rb3 20. Qc2 Rb7 21. Bd2 Nb5 22. Bc3 Nxc3 23. bxc3 c4 24.
Reb1 Qc7 25. Rxb7 Qxb7 26. Rb1 Qc7 27. f4 Nd3 28. Nb2 Nxb2 29. Qxb2 Qc5+ 30. Kh2 Qe3 31.
Qa2 Bxc3 32. Qxc4 Be1 33. e5 Bxg3+ 34. Kh1 Bxf4 35. e6 Qg3 36. Kg1 Be3+ 37. Kh1 Bf4 38. Kg1 1/2-1/2

[Event "*** SCC Grand Prix: Titled Tuesday Blitz"]
[Site "Chess.com"]
[Date "2020.09.08"]
[Round "2"]
[White "BigAl"]
[Black "GalperinPlaton"]
[Result "0-1"]
[WhiteElo "2477"]
[BlackElo "2709"]
[TimeControl "180+1"]
[EndTime "10:17:53 PDT"]
[Termination "GalperinPlaton won by checkmate"]

1. e4 e5 2. Bc4 Nf6 3. d3 Bc5 4. Nf3 d6 5. c3 c6 6. Bb3 Bb6 7.
Nbd2 O-O 8. h3 Nbd7 9. O-O Re8 10. Re1 Nc5 11. Bc2 Ne6 12. Nf1 Nh5 13. Nxe5 Qh4 14. Ng4 Nef4 15. Qf3 f5 16. Bb3+ d5 17. Nge3 fxe4 18.
dxe4 Bxh3 19. g3 Qg5 20. exd5 Kh8 21. dxc6 bxc6 22. Bd2 Qg6 23. Kh2 Bc7 24. gxf4 Nxf4 25. Ng3 Qh6 26. Kg1 Bg2 27. Nxg2 Nh3+ 28. Kh2 Nf4+ 29.
Kg1 Nh3+ 30. Kf1 Qxd2 31. Ne4 Qh6 32. Qe3 Qh4 33. f3 Bb6 34. Qd3 Rxe4 35. Re2 Nf4 36. Rxe4 Qh1# 0-1

[Event "*** SCC Grand Prix: Titled Tuesday Blitz"]
[Site "Chess.com"]
[Date "2020.09.08"]
[Round "2"]
[White "LuisFSiles"]
[Black "YoreDea"]
[Result "1-0"]
[WhiteElo "2352"]
[BlackElo "2639"]
[TimeControl "180+1"]
[EndTime "10:17:53 PDT"]
[Termination "LuisFSiles won by checkmate"]

1. e4 c5 2. c3 Nf6 3. e5 Nd5 4. Nf3 Nc6 5. d4 cxd4 6. cxd4 d6 7. Bc4 Nb6 8. Bb5 dxe5 9. Nxe5 Bd7 10. Nxd7 Qxd7 11.
O-O a6 12. Bxc6 Qxc6 13. Nc3 e6 14. Re1 Be7 15. Qg4 O-O 16. Bh6 Bf6 17. Rad1 Kh8 18.
Ne4 Bxd4 19. Rxd4 gxh6 20. Nf6 Qc5 21. Qe4 Qf5 22. Qxf5 exf5 23. Re7 Rac8 24. g3 Rc2 25. Rxb7 Rxb2 26. Rd6 Nc4 27. Rxb2 Nxb2 28. Rxa6 Rd8 29.
a4 Kg7 30. Nh5+ Kf8 31. a5 Nc4 32. Ra7 Rd1+ 33. Kg2 Ra1 34. a6 Ra2 35. Rc7 Ne3+ 36. Kf3 Nd5 37. Rd7 Ra3+ 38. Kg2 Ne7 39. Rd8# 1-0

[Event "*** SCC Grand Prix: Titled Tuesday Blitz"]
[Site "Chess.com"]
[Date "2020.09.08"]
[Round "2"]
[White "BillieKimbah"]
[Black "freshfoodcompany"]
[Result "1-0"]
[WhiteElo "2906"]
[BlackElo "2342"]
[TimeControl "180+1"]
[EndTime "10:17:53 PDT"]
[Termination "BillieKimbah won on time"]

1. Nf3 d5 2. b3 c5 3. e3 Nc6 4. Bb5 Bg4 5. Bxc6+ bxc6 6. Bb2 e6 7. h3 Bh5 8. Nc3 Bd6 9. Na4 Nf6 10. d3 O-O 11. g4 Bg6 12. Ne5 Bxe5 13. Bxe5 Nd7 14. Bb2 e5 15. Qd2 Qe7 16. O-O-O Rfd8 17. Qa5 Rdb8 18. Kb1 Qd6 19. Qd2 Nb6 20. Nc3 c4 21. f4 f6 22. f5 Bf7 23. d4 cxb3 24. axb3 Nc4 25. Qc1 Nxb2 26. Qxb2 a5 27. Na4 Rb4 28. Kc1 Rab8 29. Qc3 exd4 30. Rxd4 Rxd4 31. exd4 Qa3+ 32. Qb2 Qd6 33. Qc3 Qa3+ 34. Kd2 Qd6 35. Nc5 Re8 36. Kc1 Qf4+ 37. Kb2 h6 38. Nd3 Qf3 39. Rh2 a4 40. bxa4 Rb8+ 41. Nb4 Qf4 42. Re2 Qd6 43. Ka3 Be8 44. Re3 Qd7 45. Qc5 Qb7 46. Re7 Qc8 47.
Ra7 Ra8 48. Rxa8 Qxa8 49. a5 Bd7 50. a6 Bc8 51. Qb6 1-0

[Event "*** SCC Grand Prix: Titled Tuesday Blitz"]
[Site "Chess.com"]
[Date "2020.09.08"]
[Round "2"]
[White "vvg2"]
[Black "dopolian"]
[Result "0-1"]
[WhiteElo "2268"]
[BlackElo "2472"]
[TimeControl "180+1"]
[EndTime "10:17:53 PDT"]
[Termination "dopolian won by resignation"]

1. d4 Nf6 2. c4 e6 3. Nf3 d5 4. Nc3 Be7 5. Bf4 O-O 6. e3 c5 7. dxc5 Bxc5 8. a3 Nc6 9. Qc2 Qa5 10. Rd1 Be7 11. Be2 Rd8 12. O-O dxc4 13. Bxc4 a6 14. h3 b5 15. Ba2 Bb7 16. Ng5 h6 17. Nge4 Nxe4 18. Nxe4 Rac8 19. Rxd8+ Rxd8 20. Bb1 f5 21. Nc5 Bxc5 22. Qxc5 Rd5 23. Qc2 Rd7 24. Rd1 Qd8 25. Rxd7 Qxd7 26. Ba2 Kh7 27. g4 Ne7 28. Kh2 Bd5 29. Qd2 Qc6 30. Bb1 Bh1 31. e4 Bxe4 32.
Bxe4 Qxe4 0-1

[Event "*** SCC Grand Prix: Titled Tuesday Blitz"]
[Site "Chess.com"]
[Date "2020.09.08"]
[Round "2"]
[White "OparinGrigoriy"]
[Black "CHESSMASTER759"]
[Result "0-1"]
[WhiteElo "2939"]
[BlackElo "2596"]
[TimeControl "180+1"]
[EndTime "10:17:55 PDT"]
[Termination "CHESSMASTER759 won by resignation"]

1. Nf3 Nf6 2. g3 d5 3. Bg2 e6 4. O-O Be7 5. d4 O-O 6. c4 dxc4 7.
Qc2 a6 8. a4 Nc6 9. Qxc4 Bd7 10. Rd1 b5 11. axb5 axb5 12. Rxa8 bxc4 13. Rxd8 Rxd8 14. Ne5 Nxe5 15. dxe5 Ng4 16. Na3 Bc5 17. e3 Bxa3 18. bxa3 Nxe5 19. Be4 Rb8 20. f4 Nd3 21. Bxd3 cxd3 22. Rxd3 Bc6 23. Rc3 Rb6 24. Rc4 Kf8 25.
Bd2 Ke7 26. Bb4+ Kd7 27. e4 f5 28. exf5 exf5 29. Kf2 Be4 30. g4 Rc6 31. Rd4+ Ke6 32.
g5 Rc1 33. h4 c5 34. Bd2 Rc2 35. Rxe4+ fxe4 36. Ke3 Kf5 37. a4 c4 38. a5 c3 39.
Be1 Rc1 40. Ke2 c2 41. Bd2 Rb1 42. a6 c1=Q 43. Bxc1 Rxc1 44. a7 Rc8 0-1

[Event "*** SCC Grand Prix: Titled Tuesday Blitz"]
[Site "Chess.com"]
[Date "2020.09.08"]
[Round "2"]
[White "champ1000"]
[Black "FontVella8"]
[Result "0-1"]
[WhiteElo "2294"]
[BlackElo "2529"]
[TimeControl "180+1"]
[EndTime "10:17:55 PDT"]
[Termination "FontVella8 won on time"]

1. d4 Nf6 2. c4 e6 3. g3 d5 4.
Bg2 Be7 5. Nf3 O-O 6. O-O dxc4 7.
Qc2 c5 8. dxc5 Na6 9. Qxc4 Nxc5 10. Ne5 Qb6 11. Nc3 Bd7 12. b4 Na6 13. a3 Rac8 14.
Qb3 Qd4 15. Nxd7 Rxc3 16. Nxf6+ Bxf6 17. Qa4 Rc7 18. Rb1 Nb8 19. Be3 Qd6 20. Qxa7 Nc6 21. Qb6 Rfc8 22. Rfd1 Qe7 23. Bc5 Qe8 24. a4 h6 25. a5 Ne5 26. Bd6 Rc2 27. Bxb7 Nc4 28. Qa6 Nxd6 29. Qxd6 Rd8 0-1

[Event "*** SCC Grand Prix: Titled Tuesday Blitz"]
[Site "Chess.com"]
[Date "2020.09.08"]
[Round "2"]
[White "ketster"]
[Black "Resignify"]
[Result "1-0"]
[WhiteElo "2453"]
[BlackElo "2231"]
[TimeControl "180+1"]
[EndTime "10:17:56 PDT"]
[Termination "ketster won on time"]

1. d4 Nf6 2. c4 e6 3. g3 Bb4+ 4.
Bd2 Qe7 5. Nf3 Nc6 6. Nc3 Bxc3 7. Bxc3 Ne4 8. Qc2 Nxc3 9. Qxc3 O-O 10. Bg2 d6 11. e4 e5 12. O-O Bg4 13. d5 Nb8 14. Rac1 Bxf3 15. Bxf3 Nd7 16. b4 g6 17. c5 f5 18. cxd6 cxd6 19. Qc7 Rab8 20. Be2 Rfd8 21. Bb5 fxe4 22. Rfe1 Kf8 23. Rxe4 Nf6 24. Rh4 Rbc8 25. Qxc8 Rxc8 26. Rxc8+ Kg7 27. Rhc4 Nxd5 28. Rc1 Kf6 29. a3 a6 30. Bc4 Nb6 31. Bb3 Qd7 32. Rf8+ Kg7 33.
Rf7+ 1-0

[Event "*** SCC Grand Prix: Titled Tuesday Blitz"]
[Site "Chess.com"]
[Date "2020.09.08"]
[Round "2"]
[White "f3andwins"]
[Black "Zmof"]
[Result "1-0"]
[WhiteElo "2437"]
[BlackElo "2216"]
[TimeControl "180+1"]
[EndTime "10:17:56 PDT"]
[Termination "f3andwins won by resignation"]

1. e4 c5 2. Nf3 Nc6 3. d4 cxd4 4. Nxd4 Qb6 5. Nb3 Nf6 6. Nc3 e6 7. Be3 Qc7 8. Bd3 d6 9. f4 a6 10. Qf3 Be7 11. O-O-O b5 12. g4 Bb7 13. g5 Nd7 14. h4 Nb4 15. h5 O-O-O 16. Bxb5 axb5 17. a3 Nc5 18. Kb1 Nxe4 19. Qh3 Nxc3+ 20. bxc3 Bxh1 21. Qxh1 Nc6 22. Nd4 Nxd4 23. Bxd4 e5 24. fxe5 dxe5 25. Qa8+ Qb8 26. Qc6+ Qc7 27. Qa8+ Kd7 28. Bxe5+ Ke6 29. Qa6+ Bd6 30. Bxg7 Ra8 31. Re1+ Kd7 32. Qxb5+ Qc6 33. Qf5+ Kc7 34. Qxf7+ Qd7 35. Qc4+ Qc6 36. Qxc6+ Kxc6 37. Bxh8 Rxh8 38. Re6 Rb8+ 39. Ka2 Ra8 40. Rh6 Rxa3+ 41. Kb2 Ra7 42. c4 Kc5 43. g6 hxg6 44. Rxg6 Rg7 45.
Rxg7 1-0

[Event "*** SCC Grand Prix: Titled Tuesday Blitz"]
[Site "Chess.com"]
[Date "2020.09.08"]
[Round "2"]
[White "CaspiIsrael"]
[Black "peixe64"]
[Result "0-1"]
[WhiteElo "2638"]
[BlackElo "2350"]
[TimeControl "180+1"]
[EndTime "10:17:58 PDT"]
[Termination "peixe64 won by resignation"]

1. e4 e5 2. Nf3 Nc6 3. d4 exd4 4. Nxd4 Nf6 5. Nxc6 bxc6 6. e5 Qe7 7. Qe2 Nd5 8. c4 Ba6 9. Nd2 g6 10. Nf3 Bg7 11. Bg5 Qb4+ 12. Qd2 Qxd2+ 13. Kxd2 Nb6 14. b3 O-O 15. Bd3 d6 16. Rae1 Rfe8 17. Bf4 d5 18. c5 Bxd3 19. Kxd3 Nd7 20. b4 a5 21. a3 axb4 22. axb4 Ra3+ 23. Kc2 Ra2+ 24. Kb1 Rxf2 25. Rhg1 Rb8 26. Bd2 Nxc5 27. Kc2 Ne4 28. Rb1 Nxd2 29. Nxd2 Bxe5 30. Kd3 Bf4 31. Nf3 Re8 32. Rbe1 Rxe1 33.
Nxe1 Bxh2 34. Rh1 Bd6 35. Rh4 Rf4 36. Rxf4 Bxf4 37. Kd4 Bd6 38. Nd3 Kg7 39. b5 cxb5 40.
Kxd5 h5 41. Kc6 b4 42. Nb2 b3 43. Kd5 Ba3 44. Nd1 b2 45. Nc3 Bb4 46. Nb1 c5 47.
Kc4 g5 48. Kb3 h4 49. Kxb2 g4 50. Kc2 h3 51. gxh3 gxh3 0-1

[Event "*** SCC Grand Prix: Titled Tuesday Blitz"]
[Site "Chess.com"]
[Date "2020.09.08"]
[Round "2"]
[White "BogdanDeac"]
[Black "chessdjw"]
[Result "1-0"]
[WhiteElo "2932"]
[BlackElo "2574"]
[TimeControl "180+1"]
[EndTime "10:18:00 PDT"]
[Termination "BogdanDeac won by resignation"]

1. e4 c5 2. Nf3 d6 3. d4 cxd4 4.
Nxd4 Nf6 5. Nc3 a6 6. Bd3 g6 7.
f3 Bg7 8. Be3 Nc6 9. Qd2 Bd7 10.
O-O-O Rc8 11. g4 Ne5 12. h4 Qa5 13. Kb1 Rxc3 14. Qxc3 Qxc3 15. bxc3 O-O 16. h5 Rc8 17. Kb2 b5 18. hxg6 hxg6 19. Bh6 Bh8 20. Be3 Bg7 21. Rh3 Nc4+ 22. Bxc4 Rxc4 23. Rd3 Bc8 24. Nb3 Nd7 25. Bd4 Ne5 26. Bxe5 Bxe5 27. a3 g5 28. Rh5 f6 29.
Rh1 Kg7 30. Nd4 Rc7 31. Rhd1 Bd7 32. Nb3 Be6 33. Nd4 Bf7 34. Rh1 Kf8 35. Rh8+ Bg8 36.
Ne6+ Kf7 37. Nxc7 Kg7 38. Rxg8+ Kxg8 39. Nxa6 1-0

[Event "*** SCC Grand Prix: Titled Tuesday Blitz"]
[Site "Chess.com"]
[Date "2020.09.08"]
[Round "2"]
[White "Pultis"]
[Black "angryhorse9"]
[Result "1-0"]
[WhiteElo "2747"]
[BlackElo "2503"]
[TimeControl "180+1"]
[EndTime "10:18:00 PDT"]
[Termination "Pultis won by checkmate"]

1. d4 Nf6 2. c4 g6 3. Nf3 Bg7 4. g3 O-O 5. Bg2 c6 6. O-O d5 7.
Qb3 Qb6 8. Nc3 Rd8 9. Rd1 Bf5 10. Ne1 dxc4 11. Qxc4 Be6 12. Qa4 Nd5 13. Ne4 Na6 14. h3 h6 15. e3 c5 16. dxc5 Nxc5 17. Nxc5 Qxc5 18. Nd3 Qc7 19. e4 Nb6 20. Qa5 Qc4 21.
Qa3 Qb5 22. Bf1 Bc4 23. Be3 Bd4 24. Bxd4 Rxd4 25. Nf4 Bxf1 26. Rxd4 Bc4 27. Qxe7 Qxb2 28. Rad1 Rf8 29. Rd8 Rxd8 30. Rxd8+ Kg7 31. Kg2 Qb1 32. Qf8+ Kf6 33. Qd6+ Kg7 34. Qe5+ f6 35. Qe7+ Bf7 36. Ne6+ Kh7 37. Qxf7# 1-0

[Event "*** SCC Grand Prix: Titled Tuesday Blitz"]
[Site "Chess.com"]
[Date "2020.09.08"]
[Round "2"]
[White "fireheart92"]
[Black "m_ezat"]
[Result "0-1"]
[WhiteElo "2859"]
[BlackElo "2576"]
[TimeControl "180+1"]
[EndTime "10:18:01 PDT"]
[Termination "m_ezat won on time"]

1. e4 c6 2. d4 d5 3. exd5 cxd5 4. c4 Nf6 5. Nc3 g6 6. Qb3 Bg7 7. cxd5 O-O 8. Be2 Na6 9. Bf3 Qb6 10. Qxb6 axb6 11.
Nge2 Nb4 12. O-O Rd8 13. d6 Rxd6 14. Bf4 Rd7 15. Bg3 g5 16. h3 h5 17. a3 Nd3 18.
Rab1 g4 19. hxg4 hxg4 20. Be4 Nxe4 21. Nxe4 Bxd4 22. Rfd1 Bg7 23. N4c3 b5 24. Nxb5 Nxb2 25. Rxd7 Bxd7 26. Nbd4 Rxa3 27. Rxb2 b5 28. Rb1 e5 29.
Nxb5 Rd3 30. Nbc3 f5 31. Rd1 e4 32. Rc1 e3 33. fxe3 Rxe3 34. Bf2 Re8 35. Nf4 Rc8 0-1

[Event "*** SCC Grand Prix: Titled Tuesday Blitz"]
[Site "Chess.com"]
[Date "2020.09.08"]
[Round "2"]
[White "crescentmoon2411"]
[Black "pastouche06"]
[Result "1-0"]
[WhiteElo "2764"]
[BlackElo "2508"]
[TimeControl "180+1"]
[EndTime "10:18:01 PDT"]
[Termination "crescentmoon2411 won by resignation"]

1. e4 c6 2. d4 d5 3. exd5 cxd5 4.
Bd3 Nc6 5. c3 Qc7 6. Ne2 Bg4 7.
O-O e6 8. f3 Bh5 9. Qe1 Bg6 10.
Bf4 Bd6 11. Qg3 Bxf4 12. Nxf4 Bxd3 13. Nxd3 Qxg3 14. hxg3 Nge7 15. Nd2 b6 16. Kf2 Kd7 17. g4 Nc8 18. b4 Nd6 19. a4 f6 20. Rfe1 Rhe8 21.
a5 Nc4 22. Nxc4 dxc4 23. Nf4 b5 24. Rad1 Nd8 25. g5 fxg5 26. Nh5 Nf7 27. Nxg7 Re7 28. Nh5 Nd6 29. Re5 Rf8 30. Rde1 g4 31. d5 gxf3 32. gxf3 Rf5 33. dxe6+ Kc7 34. Rxf5 Nxf5 35. Re5 Nd6 36. Nf6 Kc6 37. f4 a6 38. f5 Nf7 39. exf7 1-0

[Event "*** SCC Grand Prix: Titled Tuesday Blitz"]
[Site "Chess.com"]
[Date "2020.09.08"]
[Round "2"]
[White "Brave_spirit12"]
[Black "queen_iryna"]
[Result "1-0"]
[WhiteElo "2514"]
[BlackElo "2288"]
[TimeControl "180+1"]
[EndTime "10:18:01 PDT"]
[Termination "Brave_spirit12 won on time"]

1. e4 d6 2. d4 Nf6 3. Nc3 e5 4. Nf3 Nbd7 5. Bg5 Be7 6. Qd2 h6 7. Bh4 Nxe4 8. Nxe4 Bxh4 9. dxe5 Nxe5 10. Bb5+ Bd7 11.
Nxe5 dxe5 12. Bxd7+ Qxd7 13. Qb4 Qd4 14. Qb5+ c6 15.
Qe2 O-O 16. c3 Qb6 17. O-O Rad8 18. b4 Be7 19. a4 f5 20. Nd2 e4 21. Nc4 Qc7 22. b5 Bf6 23. Rac1 Rd3 24. Ne3 Qd7 25. Rfd1 Rd8 26. c4 Bg5 27. g3 Bxe3 28. Rxd3 Qxd3 29. Qxd3 Rxd3 30. fxe3 Rxe3 31. a5 Ra3 32. a6 1-0

[Event "*** SCC Grand Prix: Titled Tuesday Blitz"]
[Site "Chess.com"]
[Date "2020.09.08"]
[Round "2"]
[White "zmeeed67"]
[Black "MrrRefrao"]
[Result "1-0"]
[WhiteElo "2439"]
[BlackElo "2220"]
[TimeControl "180+1"]
[EndTime "10:18:01 PDT"]
[Termination "zmeeed67 won on time"]

1. e4 c5 2. g3 d5 3. exd5 Qxd5 4. Qf3 Qxf3 5. Nxf3 Nc6 6. Bg2 e5 7. O-O f6 8. c3 Kf7 9. d4 cxd4 10. cxd4 e4 11. Nfd2 f5 12. d5 Nd4 13. Nc3 Bd7 14. Nb3 Nxb3 15.
axb3 Nf6 16. Be3 a6 17. f3 exf3 18. Bxf3 Bb4 19. Rad1 Rac8 20. Bd4 Rhd8 21. Kg2 Bc5 22. Be5 Be8 23. Rfe1 g6 24. d6 Bc6 25. Bxf6 Kxf6 26.
Bxc6 Rxc6 27. Nd5+ Kg5 28. h4+ Kh6 29. Nf6 Rdxd6 30. Rxd6 Rxd6 31. Ne8 Rd2+ 32. Kh3 Bd4 33. Re7 Bg1 34. g4 1-0

[Event "*** SCC Grand Prix: Titled Tuesday Blitz"]
[Site "Chess.com"]
[Date "2020.09.08"]
[Round "2"]
[White "Evgeny81"]
[Black "MattyDPerrine"]
[Result "1-0"]
[WhiteElo "2642"]
[BlackElo "2332"]
[TimeControl "180+1"]
[EndTime "10:18:02 PDT"]
[Termination "Evgeny81 won on time"]

1. Nf3 c5 2. c4 Nf6 3. g3 d5 4.
cxd5 Nxd5 5. Bg2 Nc6 6. O-O e5 7.
Nc3 Nc7 8. d3 Be7 9. a3 O-O 10.
Nd2 Be6 11. Nc4 f6 12. b4 cxb4 13. axb4 Bxb4 14. Bb2 Nd5 15. Ne4 b5 16. Ne3 f5 17.
Nd2 Qd7 18. Rc1 Rac8 19. Nf3 Qd6 20. Ng5 Nxe3 21. fxe3 Bd5 22. e4 fxe4 23. Rxf8+ Rxf8 24. dxe4 Bc4 25. Qc2 Bd2 26. Nf3 Bxc1 27. Qxc1 Bxe2 28.
Nd2 Nd4 29. Kh1 h6 30. Qa1 a6 31. Bc3 Qf6 32. Bb4 Nc2 33. Qa2+ Qf7 34. Qxc2 Rd8 35. h3 Bd3 36. Qc3 Qe6 37. Kh2 Kh7 38. Nb3 1-0

[Event "*** SCC Grand Prix: Titled Tuesday Blitz"]
[Site "Chess.com"]
[Date "2020.09.08"]
[Round "2"]
[White "Witik"]
[Black "DIM90"]
[Result "1-0"]
[WhiteElo "2712"]
[BlackElo "2334"]
[TimeControl "180+1"]
[EndTime "10:18:02 PDT"]
[Termination "Witik won by checkmate"]

1. e4 e5 2. f4 d5 3. exd5 c6 4. d4 e4 5. dxc6 Nxc6 6. d5 Nb4 7.
Nc3 Nf6 8. Bb5+ Bd7 9. Bc4 Rc8 10. Bb3 Bg4 11. Nge2 Bc5 12. a3 Na6 13. h3 Bh5 14. g4 Bg6 15. f5 Nd7 16. Bf4 O-O 17. Qd2 e3 18. Bxe3 Bxe3 19. Qxe3 Re8 20. Qf2 Qg5 21. O-O Bh5 22. Qf4 Qf6 23. gxh5 Nac5 24. Ng3 h6 25.
Rae1 Nxb3 26. cxb3 Nc5 27. Nge4 Qd4+ 28. Qf2 Qxf2+ 29.
Nxf2 Nxb3 30. Rxe8+ Rxe8 31. Rd1 Rd8 32. Nfe4 Kf8 33.
d6 b6 34. f6 g6 35. hxg6 fxg6 36. Nb5 Nc5 37. Nxc5 bxc5 38. d7 Kf7 39. Nxa7 Kxf6 40. Nc6 Rxd7 41. Rxd7 Kg5 42. Rd5+ Kh4 43. Rxc5 g5 44. b4 h5 45. b5 g4 46. b6 Kxh3 47.
Rxh5+ Kg3 48. b7 Kf4 49. b8=Q+ Kf3 50. Rf5+ Ke4 51. Qe5+ Kd3 52. Qd4+ Kc2 53. Rf2+ Kb3 54. Qb4# 1-0

[Event "*** SCC Grand Prix: Titled Tuesday Blitz"]
[Site "Chess.com"]
[Date "2020.09.08"]
[Round "2"]
[White "skoularikii"]
[Black "The_Machine04"]
[Result "1-0"]
[WhiteElo "2499"]
[BlackElo "2281"]
[TimeControl "180+1"]
[EndTime "10:18:02 PDT"]
[Termination "skoularikii won on time"]

1. e4 d6 2. d4 Nf6 3. Bd3 e5 4. Ne2 Nc6 5. c3 g6 6. O-O Bg7 7. h3 O-O 8. Nd2 Re8 9. d5 Ne7 10. b4 a5 11. a4 axb4 12. cxb4 c6 13. dxc6 bxc6 14. Bb2 Be6 15. Qc2 Qc8 16. Nc4 Bxc4 17. Bxc4 d5 18. Bd3 Qb8 19. Rfb1 dxe4 20. Bxe4 Qxb4 21.
Bd4 Qa5 22. Bb6 Qa6 23. Bc5 Nxe4 24. Qxe4 Nd5 25. Rb3 Reb8 26. Rab1 Rxb3 27. Rxb3 h6 28. Ra3 Qa5 29. Qc2 Qe1+ 30. Kh2 Rb8 31. a5 Rb1 32. a6 Qh1+ 33. Kg3 f5 34. a7 f4+ 35. Kf3 Nc7 36. Qxg6 1-0

[Event "*** SCC Grand Prix: Titled Tuesday Blitz"]
[Site "Chess.com"]
[Date "2020.09.08"]
[Round "2"]
[White "markberk"]
[Black "Yoshikrov"]
[Result "1-0"]
[WhiteElo "2388"]
[BlackElo "2088"]
[TimeControl "180+1"]
[EndTime "10:18:02 PDT"]
[Termination "markberk won on time"]

1. Nf3 d5 2. g3 Nf6 3. Bg2 g6 4.
c4 Bg7 5. cxd5 Nxd5 6. O-O O-O 7. d4 Nb6 8. Nc3 Nc6 9. e3 e5 10. d5 Na5 11. Re1 c6 12. dxc6 Nxc6 13. Nd2 Be6 14.
b3 Qe7 15. Bb2 Rfd8 16. Qe2 Rac8 17. h4 Nd5 18. Nce4 Ncb4 19. Nc4 Nb6 20. Na3 Bd5 21. Rad1 f5 22. Ng5 Bxg2 23. Kxg2 Nc6 24. Nc4 Nd5 25.
e4 Nf6 26. Ne3 h6 27. Qc4+ Kf8 28. Ne6+ Ke8 29. Nxd8 Rxd8 30. exf5 gxf5 31. Nxf5 1-0

[Event "*** SCC Grand Prix: Titled Tuesday Blitz"]
[Site "Chess.com"]
[Date "2020.09.08"]
[Round "2"]
[White "gmpeter008"]
[Black "ChessLover0108"]
[Result "0-1"]
[WhiteElo "2348"]
[BlackElo "2659"]
[TimeControl "180+1"]
[EndTime "10:18:03 PDT"]
[Termination "ChessLover0108 won by checkmate"]

1. d4 Nf6 2. Bf4 d6 3. Nf3 g6 4. g3 Nbd7 5. Bg2 Bg7 6. O-O O-O 7. c4 c5 8. Nc3 cxd4 9. Nd5 e5 10. Bg5 h6 11.
Bh4 g5 12. Nxg5 hxg5 13. Bxg5 Qa5 14. Ne7+ Kh8 15. e3 Nh7 16. Qh5 e4 17. Nd5 f5 18.
Be7 Rg8 19. Nf4 Bf6 20. Bxd6 d3 21. Bxe4 Nc5 22. Bd5 Bd7 23. Bxg8 Rxg8 24. b4 Qxb4 25. Rab1 Qxc4 26. Rfc1 Qe4 27. Rxc5 d2 28. Rc7 Qxb1+ 29. Kg2 d1=Q 30. Ng6+ Rxg6 31. Qxg6 Qf1+ 32. Kf3 Qe4# 0-1

[Event "*** SCC Grand Prix: Titled Tuesday Blitz"]
[Site "Chess.com"]
[Date "2020.09.08"]
[Round "2"]
[White "midedu"]
[Black "ENajer77"]
[Result "0-1"]
[WhiteElo "2100"]
[BlackElo "2608"]
[TimeControl "180+1"]
[EndTime "10:18:04 PDT"]
[Termination "ENajer77 won on time"]

1. e4 c6 2. d4 d5 3. Nc3 dxe4 4. Nxe4 Bf5 5. Ng3 Bg6 6. Nf3 Nd7 7. Bc4 e6 8. Qe2 Ngf6 9. O-O Bd6 10. Re1 O-O 11.
Ne5 Qc7 12. Nxg6 hxg6 13. c3 Rfe8 14. Bg5 Bf4 15. Bxf4 Qxf4 16. Qe3 Qxe3 17. fxe3 a5 18. a4 Re7 19. h3 Nb6 20. Bb3 Rd8 21. Rad1 g5 22.
Kf2 g6 23. e4 e5 24. dxe5 Rxd1 25. Rxd1 Nfd7 26. e6 fxe6 27. Ke3 Kg7 28. Nf1 e5 29. Bc2 Nc4+ 30. Ke2 Nc5 31. b3 Na3 32. Ne3 Nxc2 33.
Nxc2 Nxe4 34. Rd3 Nc5 35. Rd6 Nxb3 36. Ke3 Nc5 37. Na3 Nxa4 38. Nc4 Nxc3 39. Nxa5 e4 40. Nc4 Nd5+ 41. Ke2 e3 0-1

[Event "*** SCC Grand Prix: Titled Tuesday Blitz"]
[Site "Chess.com"]
[Date "2020.09.08"]
[Round "2"]
[White "abykhovsky"]
[Black "Godzillator"]
[Result "1-0"]
[WhiteElo "2635"]
[BlackElo "2263"]
[TimeControl "180+1"]
[EndTime "10:18:05 PDT"]
[Termination "abykhovsky won by resignation"]

1. d4 d5 2. Nf3 Nf6 3. c4 c6 4. Nc3 a6 5. c5 Bg4 6. Ne5 Bf5 7. Bf4 Nbd7 8. Nf3 Ne4 9. e3 e6 10. h3 Be7 11. Bd3 O-O 12. O-O b5 13. Bxe4 Bxe4 14. Nxe4 dxe4 15. Nd2 f5 16. Qb3 Rf6 17. f3 exf3 18.
Nxf3 Rg6 19. Rae1 Kh8 20. e4 fxe4 21. Rxe4 Nf8 22. Ne5 Rf6 23. Nxc6 Qd7 24. Nxe7 Qxe7 25. Bd6 Rxf1+ 26. Kxf1 Qf7+ 27. Rf4 Qg8 28. Re4 Qf7+ 29.
Kg1 Qg6 30. Qf3 Nd7 31. Rg4 Qb1+ 32. Kh2 Rg8 33. Qf7 Nf6 34. Rg3 Qf5 35. Be5 Nh5 36. Rf3 Qe4 37. Qxh5 Qd5 38. Rg3 Qd7 39. Rf3 Qe8 40.
Qxe8 Rxe8 41. Rf7 h5 42. Rxg7 Rg8 43. Rxg8+ Kxg8 44. c6 1-0